 Dungeon Crawl Stone Soup version 0.28-a0-1613-gdaab1c2f9b (webtiles) character file.

Game seed: 620586773342917744

37 southernslant the Skirmisher (level 3, -10/29 HPs)
             Began as a Demonspawn Monk on Jan 22, 2022.
             Killed from afar by Terence (12 damage)
             ... with a puff of flame
             ... on level 2 of the Dungeon.
             The game lasted 00:02:35 (1148 turns).

southernslant the Skirmisher (Demonspawn Monk)      Turns: 1148, Time: 00:02:35

Health: -10/29     AC:  3    Str: 13    XL:     3   Next: 21%
Magic:  3/3        EV: 13    Int: 11    God:
Gold:   49         SH:  0    Dex: 15    Spells: 2/2 levels left

rFire   . . .      SeeInvis .     - Unarmed
rCold   . . .      Faith    .   (no shield)
rNeg    . . .      Spirit   .   a - +0 robe
rPois   .          Reflect  .   (no helmet)
rElec   .          Harm     .   (no cloak)
rCorr   .          Rampage  .   (no gloves)
Will    .....                   (no boots)
Stlth   ++........              (no amulet)
HPRegen 0.09/turn               (no ring)
MPRegen 0.08/turn               (no ring)

@: no status effects
A: sharp scales 1
a: no special abilities


You were on level 2 of the Dungeon.
You visited 1 branch of the dungeon, and saw 2 of its levels.

You collected 49 gold pieces.

Inventory:

Missiles
 c - 40 stones (quivered)
 f - 5 javelins
Armour
 a - a +0 robe (worn)
Scrolls
 b - a scroll of enchant weapon {unknown}
 e - 5 scrolls of identify {unknown}
 h - a scroll of silence {unknown}
Potions
 d - a potion of mutation {unknown}
 g - 2 potions of attraction {unknown}
 i - a potion of heal wounds {unknown}


   Skills:
 + Level 3.1 Fighting
 + Level 0.1 Throwing
 * Level 1.2 Armour
 + Level 2.9 Dodging
 + Level 1.9 Stealth
 + Level 0.2 Shields
 * Level 3.0 Unarmed Combat
 + Level 0.2 Spellcasting
 + Level 0.1 Transmutations
 + Level 0.7 Invocations


You had 2 spell levels left.
You didn't know any spells.
Your spell library contained the following spells:

 Spells                   Type           Power      Damage    Failure   Level
 Portal Projectile        Hex/Tloc       0%         N/A       71%         3
 Blade Hands              Tmut           0%         N/A       100%        5
 Excruciating Wounds      Necr           0%         N/A       100%        5
 Summon Forest            Summ/Tloc      0%         N/A       100%        5
 Eringya's Noxious Bog    Tmut/Pois      0%         N/A       100%        6
 Summon Hydra             Summ           0%         N/A       100%        7


Dungeon Overview and Level Annotations

Branches:
Dungeon (2/15)

Altars:

Annotations:
D:2 Terence


Innate Abilities, Weirdness & Mutations

You are partially covered in razor-sharp scales. (AC +1, Slay +1)


Message History

You now have 49 gold pieces (gained 16).
Found a stone staircase leading down.
Terence the Incautious comes into view.
He is wielding a +0 falchion and carrying a wand of flame (11).
A goblin and a hobgoblin come into view.
The hobgoblin shouts!
Terence shouts!
You hear a shout!
Terence hits you with a +0 falchion.
A goblin comes into view. It is wielding a +0 dagger.
A goblin comes into view. It is wielding a +0 club.
The goblin shouts! x2
You hit Terence but do no damage. You punch Terence, but do no damage.
You hear a shout!
Terence misses you.
A goblin comes into view. It is wielding a +0 dagger.
You closely miss Terence. Terence hits you with a +0 falchion.
You closely miss Terence.
A worm comes into view.
Terence hits you with a +0 falchion.
A hobgoblin comes into view.
You closely miss the goblin. The goblin hits you with a +0 dagger.
You miss the goblin. The goblin hits you with a +0 dagger.
You hit the goblin.
You kill the goblin!
You closely miss Terence. Terence barely misses you.
You hit Terence but do no damage. Terence hits you with a +0 falchion.
You hit Terence.
Terence is lightly wounded.
Terence hits you with a +0 falchion.
* * * LOW HITPOINT WARNING * * *
You hit Terence.
Terence is lightly wounded.
Terence closely misses you.
You hit Terence.
Terence is moderately wounded.
Terence screams, "I'm going to kill you!"
Terence hits you with a +0 falchion.
* * * LOW HITPOINT WARNING * * *
You hit Terence but do no damage.
Terence is moderately wounded.
Terence zaps a wand.
The puff of flame hits you!
You die...

#w# ### ##.##...
######...#.#
g...g......#
...g.g...#
#######g##
#gg..#
#>######.#
#@#### #.#
..........# #@#
#.# #.........#
#.# ##.#
#.........# #.#
##...
.#.........# #.#
#.#.#
...........# #.#
#....
#.........####.#
#.#.#
#..............#
#....
#.........######
#....
#.........#
##...


You could see Terence, a hobgoblin and a goblin.

Vanquished Creatures
  A gnoll (D:1)
  A worm (D:2)
  2 bats (D:1)
  2 endoplasms (D:1)
  2 goblins
  A hobgoblin (D:1)
  2 quokkas (D:2)
  4 ball pythons
  3 frilled lizards (D:1)
  2 kobolds
  3 rats (D:1)
23 creatures vanquished.

Notes
Turn   | Place    | Note
-------+----------+-------------------------------------------
     0 | D:1      | southernslant the Demonspawn Monk began the quest for the
                  | Orb.
     0 | D:1      | Reached XP level 1. HP: 18/18 MP: 1/1
   259 | D:1      | Gained mutation: You are partially covered in razor-sharp
                  | scales. (AC +1, Slay +1) [demonic ancestry]
   259 | D:1      | Reached XP level 2. HP: 21/24 MP: 2/2
   281 | D:1      | Reached skill level 1 in Armour
   870 | D:1      | You fall into a shaft and drop 1 floor!
   931 | D:2      | Reached XP level 3. HP: 27/29 MP: 3/3
  1129 | D:2      | Noticed Terence
  1148 | D:2      | Killed from afar by Terence

Illustrated notes

Levels and vault maps discovered:
D:1:      dpeg_arrival_tiny_c, layout_loops_cross, minmay_strange_pillars
D:2:      layout_loops_ring, minmay_misc_feat_tiny, uniq_robin, uniq_terence

Skill      XL: |  1  2 |
---------------+-------+-----
Armour         | 1 |  1.2
Unarmed Combat | 3 |  3.0
Fighting       | |  3.1
Throwing       | |  0.1
Dodging        | |  2.9
Stealth        | |  1.9
Shields        | |  0.2
Spellcasting   | |  0.2
Transmutations | |  0.1
Invocations    | |  0.7

Action                   || total
-------------------------++-------
Melee: Unarmed           ||    92
       Punch             ||     4
 Stab: Sleeping          ||     1
Armor: Robe              ||     8
Dodge: Dodged            ||    46

Table legend: (Time is in decaauts)
 A = Elapsed time spent in this place.
 B = Non-inter-level travel time spent in this place.
 C = Inter-level travel time spent in this place.
 D = Time resting spent in this place.
 E = Time spent auto-exploring this place.
 F = Levels seen in this place.
 G = Mean time per level.
                   A        B        C        D        E       F      G
               +--------+--------+--------+--------+--------+-----+--------+
         Total |   1143 |   1143 |      0 |      0 |    955 |   2 |  571.5 |
       Dungeon |   1143 |   1143 |      0 |      0 |    955 |   2 |  571.5 |
               +--------+--------+--------+--------+--------+-----+--------+

Top non-repeatable levels by time:
     D:1: 867 daAuts
     D:2: 275 daAuts
